 Dungeon Crawl Stone Soup version 0.28.0-47-ge53b351184 (webtiles) character file.

Game seed: 17779381672269483648

1055 GigaChad the Covered (level 8, -8/68 HPs)
             Began as a Minotaur Fighter on May 3, 2022.
             Was an Initiate of Ashenzari.
             Mangled by an ogre
             ... wielding a +0 giant club
              (13 damage)
             ... on level 6 of the Dungeon.
             The game lasted 00:17:16 (5614 turns).

GigaChad the Covered (Minotaur Fighter)             Turns: 5614, Time: 00:17:17

Health: -8/68      AC:  9    Str: 23    XL:     8   Next: 5%
Magic:  7/7        EV: 11    Int: 12    God:    Ashenzari [......]
Gold:   175        SH:  5    Dex: 13    Spells: 7/7 levels left

rFire   . . .      SeeInvis .   r - +3 quarterstaff (chaos)
rCold   x x x      Faith    .   (shield currently unavailable)
rNeg    . . .      Spirit   .   b - +0 scale mail
rPois   .          Reflect  +   (helmet restricted)
rElec   .          Harm     .   (no cloak)
rCorr   +          Rampage  .   (no gloves)
Will    .....                   n - +0 pair of boots "Ziducs" {rC- Int+7}
Stlth   ..........              t - amulet "Piluarch" {Reflect Str+3 SH+5}
HPRegen 0.21/turn               g - ring of resist corrosion
MPRegen 0.10/turn               (no ring)

@: no status effects
A: horns 2, retaliatory headbutt, [cold vulnerability 2]
a: Renounce Religion


You were on level 6 of the Dungeon.
You worshipped Ashenzari.
Ashenzari was noncommittal.
You visited 2 branches of the dungeon, and saw 7 of its levels.

You collected 175 gold pieces.

Inventory:

Hand Weapons
 a - a +0 long sword
 k - a +0 halberd
 q - a +0 club
 r - a +3 quarterstaff of chaos (weapon)
Missiles
 u - 26 bolts
Armour
 b - a +0 scale mail (worn)
 c - a +0 buckler
 n - the +0 pair of boots "Ziducs" (worn) {rC- Int+7}
   (You found it on level 3 of the Dungeon)

   Int:       It affects your intelligence (+7).
   rC:        It makes you vulnerable to cold.
Jewellery
 g - a ring of resist corrosion (left hand)
 t - the amulet "Piluarch" (around neck) {Reflect Str+3 SH+5}
   (You found it on level 5 of the Dungeon)

   [amulet of reflection]

   It reflects blocked missile attacks.
   Str:       It affects your strength (+3).
   SH:        It affects your SH (+5).
Wands
 m - a wand of iceblast (15)
 p - a wand of paralysis (5)
Scrolls
 e - a scroll of vulnerability
 f - a scroll of teleportation
 i - a scroll of immolation {unknown}
 o - a scroll of acquirement {unknown}
Potions
 d - a potion of might
 h - 2 potions of mutation {unknown}
 j - 2 potions of flight {unknown}
 l - 3 potions of curing
 s - 3 potions of lignification {unknown}


   Skills:
 + Level 5.3 Fighting
 + Level 5.2 Long Blades
 + Level 4.3 Staves
 + Level 7.1 Armour
 + Level 2.3 Dodging
 + Level 1.2 Stealth
 + Level 5.3 Shields


You had 7 spell levels left.
You didn't know any spells.
Your spell library contained the following spells:

 Spells                   Type           Power      Damage    Failure   Level
 Dazzling Flash           Conj/Hex       0%         N/A       92%         3
 Agony                    Necr           0%         N/A       100%        5
 Silence                  Hex/Air        0%         N/A       100%        5


Dungeon Overview and Level Annotations

Branches:
Dungeon (6/15)             Temple (1/1) D:5

Altars:
Ashenzari
Cheibriados
Elyvilon
Fedhas
Gozag
Hepliaklqana
Kikubaaqudgha
Makhleb
Nemelex Xobeh
Okawaru
Qazlal
Ru
Sif Muna
Trog
Uskayaw
Vehumet
Wu Jian
Zin
The Shining One

Shops:
D:1 :[([   D:2 :

Annotations:
D:3 2 transporters, seaoflcl's ghost, amateur HuFi


Innate Abilities, Weirdness & Mutations

You have a pair of horns on your head.
You reflexively headbutt those who attack you in melee.
[You are very vulnerable to cold. (rC--)]


Message History

An orc comes into view. It is wielding a +0 hand axe.
An orc is nearby!
An orc is nearby!
The orc shouts!
You hit the orc but do no damage. Your headbutt misses the orc.
The orc hits you with a +0 hand axe.
You sock the orc!
You kill the orc!
Qazlal causes a mighty clap of thunder!
Qazlal incites the elements against you!
A wind drake and a rime drake come into view.
You see here a +0 hand axe.
There are monsters nearby!
You hear a shout! x8
An ogre comes into view. It is wielding a +0 giant club.
The rime drake breathes ice at you. The flash freeze misses you.
The wind drake flaps its wings at you. The air twists around and strikes you!
The rime drake bites you but does no damage.
The wind drake flaps its wings at you. The air twists around and strikes you!!
* * * LOW HITPOINT WARNING * * *
The ogre closely misses you.
You sock the rime drake!
The rime drake suddenly seems more agile.
The rime drake is moderately wounded.
The rime drake bites you.
* * * LOW HITPOINT WARNING * * *
You block the ogre's attack.
The rime drake bites you but does no damage.
A gnoll sergeant comes into view. It is wielding a +0 trident.
The ogre hits you with a +0 giant club!
* * * LOW HITPOINT WARNING * * *
You closely miss the rime drake.
The rime drake is moderately wounded.
You barely miss the wind drake. Your headbutt misses the wind drake.
The wind drake exhales a fierce blast of wind!
The rime drake closely misses you. The ogre hits you with a +0 giant club!
You die...

#.#..........)#.# ...
#...##.###.##)..#...#
##.#.#.......#.#.#...
#..#...##.##...#... #
#.#.#.#...#.#.#.#....
#...#...#...#...#.#.#
#.#.#.#...#.#.#.#....#
...#..k##.##...#... .
. ..#
#.#@k..).g#.#.#..#.
#.#...##O###.##...#..#
#.#...........#.# ..#
...##.###.###.##..# ..
#.# ... ......... ##
#.###.###.###.# ...
..# #.... ... .. ...
#.. .. ... ... #..
....


You could see a wind drake (repels missiles), a rime drake (agile), an ogre and
a gnoll sergeant.

Vanquished Creatures
  A sky beast (D:6)
  A black bear (D:6)
  An ogre (D:5)
  2 scorpions
  2 water moccasin skeletons (D:6)
  A howler monkey (D:5)
  5 hounds
  Crazy Yiuf (D:4)
  An iguana (D:5)
  Ijyb (D:4)
  A scorpion zombie (D:5)
  An orc wizard (D:5)
  A killer bee zombie (D:6)
  3 gnolls (D:5)
  6 adders
  A shadow imp (D:5)
  2 worms
  2 dart slugs
  15 orcs
  4 bats
  2 endoplasms
  3 giant cockroaches
  6 goblins
  10 hobgoblins
  15 jackals
  8 kobolds
  2 quokkas (D:4)
  9 ball pythons
  2 frilled lizards (D:2)
  8 rats
117 creatures vanquished.

Vanquished Creatures (others)
  5 plants (D:3)
5 creatures vanquished.

Grand Total: 122 creatures vanquished

Notes
Turn   | Place    | Note
-------+----------+-------------------------------------------
     0 | D:1      | GigaChad the Minotaur Fighter began the quest for the Orb.
     0 | D:1      | Reached XP level 1. HP: 19/19 MP: 0/0
    79 | D:1      | Reached skill level 4 in Armour
    95 | D:1      | Found Leuc's Weapon Boutique.
    97 | D:1      | Found Waplir's Armour Emporium.
   106 | D:1      | Reached XP level 2. HP: 26/27 MP: 1/1
   152 | D:1      | Found Epeeduiq's Book Boutique.
   653 | D:1      | Found Iphixati's Antique Armour Shop.
   801 | D:2      | Reached XP level 3. HP: 22/33 MP: 2/2
  1147 | D:2      | Found Efyusaxu's Book Shop.
  1383 | D:2      | Identified the +0 scale mail "Sach" {SInv}
  1688 | D:3      | Reached XP level 4. HP: 36/40 MP: 3/3
  1725 | D:3      | Noticed a scorpion
  1733 | D:3      | Killed a scorpion
  1739 | D:3      | Reached skill level 1 in Dodging
  1878 | D:3      | Found a glowing golden altar of the Shining One.
  1935 | D:3      | Identified the +0 kite shield of Gehenna {rC+}
  1935 | D:3      | Noticed a gnoll sergeant
  2000 | D:3      | Found a transporter.
  2006 | D:3      | Found a transporter.
  2070 | D:3      | Reached XP level 5. HP: 47/47 MP: 4/4
  2157 | D:3      | Identified the +0 pair of boots "Ziducs" {rC- Int+7}
  2288 | D:3      | Noticed seaoflcl's ghost (amateur HuFi)
  2637 | D:4      | Found a stormy altar of Qazlal.
  2637 | D:4      | Found a snail-covered altar of Cheibriados.
  2647 | D:4      | Became a worshipper of Qazlal Stormbringer
  2952 | D:4      | Noticed Ijyb
  2962 | D:4      | Killed Ijyb
  3029 | D:4      | Reached skill level 5 in Armour
  3201 | D:4      | Found a runed translucent door.
  3202 | D:4      | Noticed Crazy Yiuf
  3302 | D:4      | HP: 1/45 [Crazy Yiuf/+3 quarterstaff of chaos (11)]
  3304 | D:4      | Killed Crazy Yiuf
  4055 | D:4      | Reached XP level 6. HP: 53/53 MP: 5/5
  4057 | D:5      | Entered Level 5 of the Dungeon
  4145 | D:5      | Reached skill level 5 in Long Blades
  4173 | D:5      | Reached * piety under Qazlal
  4269 | D:5      | Reached skill level 1 in Staves
  4289 | D:5      | Identified the amulet "Piluarch" {Reflect Str+3 SH+5}
  4387 | D:5      | Reached skill level 5 in Fighting
  4387 | D:5      | Reached XP level 7. HP: 40/61 MP: 6/6
  4395 | D:5      | Reached skill level 6 in Armour
  4686 | D:5      | Found a staircase to the Ecumenical Temple.
  4692 | D:5      | Reached skill level 1 in Stealth
  4722 | Temple   | Entered the Ecumenical Temple
  4981 | Temple   | Fell from the grace of Qazlal
  4981 | Temple   | Became a worshipper of Ashenzari the Shackled
  5389 | D:6      | Reached skill level 5 in Shields
  5529 | D:6      | Reached skill level 7 in Armour
  5529 | D:6      | Reached XP level 8. HP: 27/68 MP: 7/7
  5606 | D:6      | Noticed a wind drake
  5606 | D:6      | Noticed a rime drake
  5614 | D:6      | Mangled by an ogre

Illustrated notes

Levels and vault maps discovered:
D:1:      moated_graveyard_arrival, layout_loops_cross, serial_shops, shop,
          nicolae_shop_waterfront, shop, nicolae_shop_bloodbath_and_beyond, shop
D:2:      minmay_chambers_of_twos, layout_basic, serial_shops,
          nicolae_square_shop, nicolae_figureground_pulse
D:3:      layout_rooms, lemuel_tele_altar, xom_confusion_cloud,
          gammafunk_ghost_gnarly_gnolls, uniq_sigmund
D:4:      cheibrodos_quashed, layout_basic, gammafunk_temple_overflow_wave,
          uniq_crazy_yiuf_cottage, uniq_ijyb
D:5:      layout_loops_corners, temple_pool_b, kennysheep_generic_room_4
D:6:      layout_cave_pools, gammafunk_ghost_cemetery,
          nicolae_concentric_dashed_squares_mild, uniq_eustachio
Temple:   nicolae_temple_elliptical

Skill      XL: |  1  2  3  4  5  6  7 |
---------------+----------------------+-----
Armour         | 4 5 7 |  7.1
Shields        | 4 5 |  5.3
Long Blades    | 3 4 5 |  5.2
Fighting       | 4 5 |  5.3
Dodging        | 1 2 |  2.3
Staves         | 1 4 |  4.3
Stealth        | 1 |  1.2

Action                   |  1- 3 |  4- 6 |  7- 9 || total
-------------------------+-------+-------+-------++-------
Melee: Long sword        |    80 |    92 |       ||   172
       Headbutt          |     8 |    21 |     7 ||    36
       Quarterstaff      |       |    42 |    58 ||   100
  Use: Scroll            |     1 |     4 |       ||     5
Armor: Scale mail        |    52 |    76 |    30 ||   158
Dodge: Dodged            |    52 |    67 |    36 ||   155
Block: Buckler           |    19 |    34 |       ||    53
       Other             |       |     5 |    23 ||    28
       Reflection        |       |       |     1 ||     1
